 Dungeon Crawl Stone Soup version 0.31.0-11-ge490571c62 (webtiles) character file.

Game seed: 14812630491150462588

230 Curundu the Trooper (level 5, -1/48 HPs)
             Began as a Minotaur Berserker on Feb 2, 2024.
             Was a Believer of Trog.
             Splashed by a jelly's acid (3 damage)
             ... on level 4 of the Dungeon.
             The game lasted 00:08:27 (2222 turns).

Curundu the Trooper (Minotaur Berserker)            Turns: 2222, Time: 00:08:27

Health: -1/48      AC:  2    Str: 24    XL:     5   Next: 72%
Magic:  4/4        EV:  9    Int:  4    God:    Trog [**....]
Gold:   144        SH:  0    Dex:  9    Spells: 4/4 levels left

rFire   + . .        a - +1 hand axe
rCold   + . .        (no shield)
rNeg    . . .        o - +0 chain mail
rPois   +            (helmet restricted)
rElec   +            (no cloak)
rCorr   +            k - +0 pair of gloves of Midwinter {Will++ Stlth+}
SInv    .            (no boots)
Will    ++...        h - amulet of regeneration Stlth
                     (no ring)
HPRegen 1.08/turn    (no ring)
MPRegen 0.09/turn

%: no passive effects
@: resistant, corroded
A: horns 2, retaliatory headbutt
a: Renounce Religion, Berserk, Trog's Hand


You were on level 4 of the Dungeon.
You worshipped Trog.
Trog was pleased with you.
You visited 2 branches of the dungeon, and saw 4 of its levels.

You collected 144 gold pieces.

Inventory:

Hand Weapons
 a - a +1 hand axe (weapon)
Missiles
 j - a throwing net (quivered)
Armour
 k - the +0 pair of gloves of Midwinter (worn) {Will++ Stlth+}
   (You found it on level 4 of the Dungeon)

   Will++:    It greatly increases your willpower.
   Stlth+:    It makes you more stealthy.
 o - a +0 chain mail (worn)
Jewellery
 h - an amulet of regeneration (around neck)
Wands
 i - a wand of flame (18)
 m - a wand of light (10)
Scrolls
 c - 2 scrolls of immolation
 f - a scroll of teleportation
 n - a scroll of vulnerability {unknown}
Potions
 b - a potion of brilliance {unknown}
 d - a potion of resistance
 e - a potion of ambrosia {unknown}
 g - a potion of curing {unknown}
 l - a potion of mutation {unknown}
 p - 2 potions of magic {unknown}


   Skills:
 + Level 5.4 Fighting
 + Level 5.4 Axes
 + Level 3.3 Armour
 + Level 3.4 Dodging
 + Level 0.1 Stealth


You had 4 spell levels left.
You didn't know any spells.
Your spell library was empty.

Dungeon Overview and Level Annotations

Branches:
Dungeon (4/15)             Temple (1/1) D:4

Altars:
Ashenzari
Dithmenos
Hepliaklqana
Kikubaaqudgha
Nemelex Xobeh
Okawaru
Qazlal
Sif Muna
Uskayaw
Vehumet
Wu Jian
Zin


Innate Abilities, Weirdness & Mutations

You have a pair of horns on your head.
You reflexively headbutt those who attack you in melee.


Message History

p - 2 cyan potions You now have 144 gold pieces (gained 13).
You open the door.
Found an escape hatch in the floor.
An endoplasm comes into view.
Found a stone staircase leading up.
There is an open door here.
An endoplasm is nearby!
Found a stone staircase leading down.
The endoplasm hits you but does no damage.
You hit the endoplasm.
The endoplasm is moderately wounded.
The endoplasm barely misses you. You furiously retaliate!
You headbutt the endoplasm!
You kill the endoplasm!
Trog accepts your kill.
There is a stone staircase leading down here.
A jelly comes into view.
A jelly is nearby!
The jelly hits you. The acid corrodes you!
You are splashed with acid!
You hit the jelly but do no damage.
Your hands burn!
You headbutt the jelly.
The jelly is lightly wounded.
The jelly hits you. The acid corrodes you!
You are splashed with acid!
You hit the jelly.
Your hands burn!
You headbutt the jelly!
The jelly is severely wounded.
The jelly hits you.
You are splashed with acid!
* * * LOW HITPOINT WARNING * * *
You hit the jelly but do no damage.
Your hands burn!
* * * LOW HITPOINT WARNING * * *
The jelly is severely wounded.
The jelly hits you.
* * * LOW HITPOINT WARNING * * *
You are splashed with acid!
* * * LOW HITPOINT WARNING * * *
It was a potion of resistance.
You feel protected. The jelly hits you.
* * * LOW HITPOINT WARNING * * *
You are splashed with acid.
You resist.
You die...

...#######........#
#.#####
.......##.........#####.#
.####......#.###......#.#
.# #......#.########.#.#
## #.....##.....# #....#
. #..##.##.###.# #..###
.# ####...### #.# #..# .#
##.....## #.# #..#
..####.......###@# #..#
..#....._......J.....#
#.#.#.......##.......#
#.#.##.....##..#######
#...###...##...
###...##.##....
##>.#.#.......
#............#
###.###.##.....


You could see a jelly.

Vanquished Creatures
  A scorpion (D:4)
  2 hounds (D:4)
  A jelly (D:4)
  4 adders
  4 dart slugs
  2 orcs (D:4)
  A bat (D:2)
  5 endoplasms
  4 giant cockroaches
  3 goblins
  A hobgoblin (D:1)
  5 quokkas
  4 ball pythons
  4 frilled lizards
  2 kobolds (D:4)
  3 rats (D:1)
46 creatures vanquished.

Notes
Turn   | Place    | Note
-------+----------+-------------------------------------------
     0 | D:1      | Curundu the Minotaur Berserker began the quest for the Orb.
     0 | D:1      | Reached XP level 1. HP: 19/19 MP: 0/0
   366 | D:1      | Found a faded altar of an unknown god.
   423 | D:1      | Reached XP level 2. HP: 27/27 MP: 1/1
  1369 | D:2      | Reached XP level 3. HP: 29/33 MP: 2/2
  1471 | D:2      | Reached ** piety under Trog
  1560 | D:2      | You fall into a shaft and drop 2 floors!
  1604 | D:4      | Found an ornate altar of the Wu Jian Council.
  1651 | D:4      | Reached XP level 4. HP: 37/41 MP: 3/3
  1653 | D:4      | Reached skill level 5 in Fighting
  1664 | D:4      | Identified the +0 pair of gloves of Midwinter {Will++
                  | Stlth+}
  1756 | D:4      | Reached skill level 5 in Axes
  1756 | D:4      | Reached XP level 5. HP: 35/48 MP: 4/4
  1976 | D:4      | Found a staircase to the Ecumenical Temple.
  1985 | Temple   | Entered the Ecumenical Temple
  2221 | D:4      | HP: 2/48 [acid (10)]
  2222 | D:4      | Splashed by a jelly's acid

Illustrated notes

Levels and vault maps discovered:
D:1:      matt_arrival_grand_opening, layout_loops_ring,
          ebering_ecumenical_altar_webs, serial_co_window_serial,
          co_window_paths_a, co_window_corner_a, co_window_of_opportunity_a,
          co_window_corner_a, co_window_corner_a, co_window_of_opportunity_c,
          co_window_broadway_b, co_window_broadway_a, co_window_2corner,
          co_window_corner_b, co_window_paths_d, co_window_4corner_a,
          glass_columns_a, glass_columns_a, glass_columns_a
D:2:      layout_basic
D:4:      layout_basic, lemuel_round_altar, minmay_temple_entry_hall,
          chequers_serial_rivers_micro_a, kennysheep_generic_room_8
Temple:   hellmonk_temple_of_storms

Skill      XL: |  1  2  3  4 |
---------------+-------------+-----
Axes           | 4 5 |  5.4
Fighting       | 4 5 |  5.4
Armour         | 3 |  3.3
Dodging        | 3 |  3.4
Stealth        | |  0.1

Action                     |  1- 3 |  4- 6 || total
---------------------------+-------+-------++-------
  Melee: Hand axe          |    68 |    33 ||   101
         Headbutt          |     9 |     4 ||    13
    Use: Scroll            |     5 |       ||     5
         Potion            |       |     1 ||     1
 Armour: Scale mail        |    39 |    18 ||    57
         Animal skin       |     1 |       ||     1
         Chain mail        |       |     6 ||     6
  Dodge: Dodged            |    38 |    19 ||    57
